Cogmind - Beta 12 @@@ ROGUE MODE // 2023.03.31 @ 00:11:45 Player: Jezoensis Result: Destroyed by as-96800 with Assembled Heavy Rifle Performance ------------- Evolutions (0) 0 Regions Visited (4) 800 Robots Destroyed (36) 180 Value Destroyed (651) 651 Prototype IDs (23) 460 Alien Tech Used (0) 0 Bonus (306) 306 TOTAL SCORE: 2397 Bonus ------- High Alert Combat Kills 32 Aligned with FarCom 300 Friendly Fire -26 Cogmind --------- Core Integrity 0/250 Matter 308/500 Energy 88/100 System Corruption 9% Temperature Warning (370) Movement Core (450) Ox8 Location -9/Mines Parts ------- > --- POWER (1) -------- (None) > --- PROPULSION (2) --- (None) > --- UTILITY (2) ------ Large Storage Unit High-capacity Matter Pod > --- WEAPON (2) ------- Light Assault Rifle > --- INVENTORY (15) --- Wheel Wheel Wheel High-capacity Storage Unit Structural Scanner Improved Terrain Scanner Terrain Scan Processor Field Lobotomy Kit (5) Mining Laser Peak State ------------ > --- POWER ------------ Light Ion Engine > --- PROPULSION ------- Wheel Wheel > --- UTILITY ---------- Small Storage Unit Improved Terrain Scanner > --- WEAPON ----------- Medium Laser Assault Rifle > --- INVENTORY -------- Light Ion Engine Light Treads Light Treads Compact Wheel Compact Wheel Improved Terrain Scanner Medium Laser Mining Laser [Rating: 10] Favorites ----------- Power Light Ion Engine Engine Light Ion Engine Propulsion Wheel Treads Light Treads Wheel Wheel Utility Large Storage Unit Device Structural Scanner Storage Large Storage Unit Processor Targeting Computer Weapon Medium Laser Energy Gun Medium Laser Ballistic Gun Assault Rifle Launcher Grenade Launcher Special Weapon Mining Laser Build | -11 -10 -10 -10 -9 ------- Run | Jun Mat Min Exi Min Slots Evolved . | . . . . . Power . | . . . . . Propulsion . | . . . . . Utility . | . . . . . Weapon . | . . . . . Parts Attached 60 | 9 36 5 1 9 Power 4 | 1 1 . 1 1 Engine 4 | 1 1 . 1 1 Core . | . . . . . Reactor . | . . . . . Propulsion 23 | 4 17 . . 2 Treads 9 | . 7 . . 2 Leg . | . . . . . Wheel 14 | 4 10 . . . Hover . | . . . . . Flight . | . . . . . Utility 12 | 2 8 . . 2 Device 7 | 1 5 . . 1 Storage 4 | 1 2 . . 1 Processor 1 | . 1 . . . Hackware . | . . . . . Protection . | . . . . . Artifact . | . . . . . Weapon 21 | 2 10 5 . 4 Energy Gun 7 | 1 3 2 . 1 Energy Cannon . | . . . . . Ballistic Gun 5 | 1 2 . . 2 Ballistic Cannon . | . . . . . Launcher 6 | . 3 2 . 1 Special Weapon 3 | . 2 1 . . Impact Weapon . | . . . . . Slashing Weapon . | . . . . . Piercing Weapon . | . . . . . Special Melee Weapon . | . . . . . Unidentified Prototypes . | . . . . . Parts Lost 11 | . 3 . . 8 Power 3 | . 1 . . 2 Propulsion 2 | . . . . 2 Utility 1 | . . . . 1 Weapon 5 | . 2 . . 3 Highest Loss Streak 8 | . 1 . . 8 To Critical Strikes . | . . . . . Average Slot Usage (%) 94 | . 99 100 75 94 Engine 13 | . 13 14 13 11 Treads 3 | . 4 . . 16 Wheel 24 | . 23 28 28 8 Device 13 | . 13 14 14 8 Storage 14 | . 14 14 14 19 Energy Gun 9 | . 11 9 2 11 Ballistic Gun 11 | . 13 14 2 14 Launcher 2 | . 1 4 . 2 Naked Turns . | . . . . . Heaviest Build 49 | 13 49 28 27 28 Greatest Support 32 | 32 26 20 20 20 Greatest Overweight (x) 2 | . 2 1 1 1 Average Overweight (x) . | . 1 1 1 1 Largest Inventory Capacity 20 | 8 20 15 15 15 Average Capacity 15 | 7 16 15 15 15 Most Carried 17 | 8 17 14 15 14 Average Carried 12 | 4 12 14 14 11 Final Capacity 15 | 8 15 15 15 15 Final Carried 15 | 8 14 14 15 9 Class Distribution -------------------- 76% | Mutant 23% | Scavenger-Mutant Dominant Class ---------------- Mutant | -10/Materials Scavenger-Mutant | -10/Mines Mutant | -10/Exiles Mutant | -9/Mines Resources | -11 -10 -10 -10 -9 ----------- Run | Jun Mat Min Exi Min Matter Collected 1050 | 210 666 24 150 . Remotely . | . . . . . Salvage Created 772 | 26 643 31 . 72 Parts 63 | 9 47 6 . 1 Haulers Intercepted 1 | . 1 . . . Recyclers Shooed 1 | 1 . . . . Parts Field Recycled . | . . . . . Retrieved Matter . | . . . . . Parts Self-Destructed . | . . . . . Prevented . | . . . . . Kills | -11 -10 -10 -10 -9 ------- Run | Jun Mat Min Exi Min Combat Hostiles Destroyed 32 | . 21 3 . 8 Guns 16 | . 13 . . 3 AOE 16 | . 8 3 . 5 Classes Destroyed 10 | 1 8 . . 1 Worker 2 | . 1 . . 1 Builder 2 | . 2 . . . Tunneler 3 | 2 . 1 . . Hauler 1 | . 1 . . . Recycler 1 | . 1 . . . Operator 1 | . 1 . . . Watcher 2 | . 2 . . . Swarmer 11 | . 8 3 . . Grunt 13 | . 13 . . . Assembled 8 | . . . . 8 Best Kill Streak 9 | 2 6 3 . 9 Combat Bots Only 8 | . 6 3 . 8 Max Kills in Single Turn 3 | 1 2 2 . 3 Gunslinging . | . . . . . Exploded 3 | . 2 2 . 3 Melee . | . . . . . Uniques/NPCs Destroyed . | . . . . . Combat | -11 -10 -10 -10 -9 -------- Run | Jun Mat Min Exi Min Damage Taken 1456 | . 600 45 . 811 Core 256 | . 72 14 . 170 Absorbed by Shields . | . . . . . Core Remaining (%) 100 | 100 . . . . Volleys Fired 73 | 5 49 5 . 14 Largest 2 | 2 2 2 . 2 Hottest 100 | 70 100 70 . 70 Shots Fired 128 | 10 85 8 . 25 Gun 112 | 10 73 6 . 23 Cannon . | . . . . . Launcher 14 | . 10 2 . 2 Special 2 | . 2 . . . Kinetic 58 | 5 38 3 . 12 Thermal 56 | 5 37 3 . 11 Explosive 14 | . 10 2 . 2 Electromagnetic . | . . . . . Robot Hit Streak 12 | 4 12 5 . 4 Robot Miss Streak 4 | 1 4 1 . 2 Penetration Max . | . . . . . Secondary Targets 3 | . 1 . . 2 Max Gunslinging Chain 1 | . 1 . . 1 Shots Hit Robots 73 | 7 46 5 . 15 Core Hits 67 | 3 38 4 . 22 Critical Kills . | . . . . . Critical Parts Destroyed 1 | . . . . 1 Critical Strikes 5 | 2 . . . 3 Burn 4 | 2 . . . 2 Destroy 1 | . . . . 1 Melee Attacks . | . . . . . Impact . | . . . . . Slashing . | . . . . . Piercing . | . . . . . Sneak Attacks . | . . . . . Combat Hostiles . | . . . . . Follow-up Attacks . | . . . . . Damage Inflicted 2146 | 84 1326 240 . 496 Guns 814 | 84 538 36 . 156 Cannons . | . . . . . Explosions 1332 | . 788 204 . 340 Melee . | . . . . . Ramming . | . . . . . Kinetic 401 | 34 298 12 . 57 Thermal 413 | 50 240 24 . 99 Explosive 1332 | . 788 204 . 340 Electromagnetic . | . . . . . Impact . | . . . . . Slashing . | . . . . . Piercing . | . . . . . Highest Corruption 9 | . 1 1 1 9 Average Corruption 1 | . 1 1 1 5 Corruption Purged . | . . . . . Corruption Blocked . | . . . . . Effects 7 | . 5 1 . 1 Message Errors 2 | . . 1 . 1 Matter Fused 2 | . 2 . . . Heat Flow Errors 1 | . 1 . . . Energy Discharges 1 | . 1 . . . Misfires 1 | . 1 . . . Overload Shots . | . . . . . Overflow Damage 25 | . 25 . . . Projectiles . | . . . . . Explosions 25 | . 25 . . . Melee . | . . . . . Knockbacks . | . . . . . Impact . | . . . . . Kinetic . | . . . . . Secondary . | . . . . . Self-Inflicted Damage 69 | . 41 . . 28 Shots 4 | . 3 . . 1 Rammed . | . . . . . Targets Rammed . | . . . . . Kicked . | . . . . . Crushed . | . . . . . Highest Temperature 350 | 38 273 40 . 350 Average Temperature 60 | 14 44 21 . 153 Received Heat Transfer 540 | . 180 . . 360 Siege Activations . | . . . . . Robots Corrupted . | . . . . . Combat Hostiles . | . . . . . Parts Fried . | . . . . . Impact Corruptions . | . . . . . Robots Melted . | . . . . . Combat Hostiles . | . . . . . Parts Melted 2 | . 1 1 . . Heat Transferred 1517 | 296 703 74 . 444 Parts Sabotaged . | . . . . . Parts Stolen . | . . . . . Parts Stripped . | . . . . . Power Chain Reactions . | . . . . . Missiles Intercepted . | . . . . . Alert | -11 -10 -10 -10 -9 ------- Run | Jun Mat Min Exi Min Peak Influence 489 | 10 489 277 . 21 Initial 190 | . 6 190 . . Average 231 | 4 281 217 . 6 Maximum Alert Level 2 | . 2 1 . . Low Security (%) 41 | 100 19 69 . 100 Level 1 46 | . 61 30 . . Level 2 12 | . 18 . . . Level 3 . | . . . . . Level 4 . | . . . . . Level 5 . | . . . . . High Security . | . . . . . Max Security . | . . . . . Squads Dispatched 5 | . 5 . . . Investigation 4 | . 4 . . . Extermination . | . . . . . Reinforcement 1 | . 1 . . . Assault . | . . . . . Garrison . | . . . . . Intercept . | . . . . . Searches Triggered . | . . . . . Construction Impeded . | . . . . . Haulers Reinforced . | . . . . . Active Scanning Responses . | . . . . . Cargo Convoy Interrupts . | . . . . . Stealth | -11 -10 -10 -10 -9 --------- Run | Jun Mat Min Exi Min Distress Signals 2 | . 2 . . . Communications Jammed . | . . . . . Distress Signals . | . . . . . Times Spotted 43 | . 27 3 . 13 Peak Tracking Total 11 | . 8 3 . 11 Tactical Retreats . | . . . . . Traps | -11 -10 -10 -10 -9 ------- Run | Jun Mat Min Exi Min Traps Triggered 2 | . 2 . . . Indirectly . | . . . . . Trap Hack Attempts . | . . . . . Triggered . | . . . . . Disarmed . | . . . . . Reprogrammed . | . . . . . Reused . | . . . . . Traps Extracted . | . . . . . Installed . | . . . . . Triggered . | . . . . . Machines | -11 -10 -10 -10 -9 ---------- Run | Jun Mat Min Exi Min Machines Disabled 1 | . 1 . . . Max in Single Turn 1 | . 1 . . . Machines Repaired . | . . . . . Machines Sabotaged . | . . . . . Overloaded Fab Kills . | . . . . . Hacking | -11 -10 -10 -10 -9 --------- Run | Jun Mat Min Exi Min Machines Accessed 7 | . 6 . 1 . Terminals 4 | . 4 . . . Fabricators . | . . . . . Repair Stations . | . . . . . Recycling Units 2 | . 2 . . . Scanalyzers . | . . . . . Garrison Access . | . . . . . Total Hacks 16 | . 15 . 1 . Successful 5 | . 4 . 1 . Failed 11 | . 11 . . . Catastrophic 1 | . 1 . . . Database Lockouts . | . . . . . Manual 13 | . 11 . 2 . Terminals 13 | . 13 . . . Fabricators . | . . . . . Repair Stations . | . . . . . Recycling Units 2 | . 2 . . . Scanalyzers . | . . . . . Garrison Access . | . . . . . Terminal Hacks 2 | . 1 . 1 . Robot Analysis 1 | . 1 . . . EX-Prototype ID Bank 1 | . . . 1 . Fabricator Hacks . | . . . . . Repair Station Hacks . | . . . . . Recycling Unit Hacks . | . . . . . Scanalyzer . | . . . . . Garrison Access Hacks . | . . . . . Unauthorized Hacks 3 | . 3 . . . Terminals 1 | . 1 . . . Botnet 1 | . 1 . . . Fabricators . | . . . . . Repair Stations . | . . . . . Recycling Units 2 | . 2 . . . Tunnel 2 | . 2 . . . Scanalyzers . | . . . . . Garrison Access . | . . . . . Data Cores Recovered . | . . . . . Used . | . . . . . Hacking Detections 4 | . 4 . . . Full Trace Events 2 | . 2 . . . Feedback Events . | . . . . . Feedback Blocked . | . . . . . Robot Schematics Acquired . | . . . . . Robots Built . | . . . . . Authchips . | . . . . . Time . | . . . . . Total Robot Build Rating . | . . . . . Part Schematics Acquired . | . . . . . Parts Built . | . . . . . Authchips . | . . . . . Time . | . . . . . Total Part Build Rating . | . . . . . Parts Repaired . | . . . . . Time . | . . . . . Parts Recycled . | . . . . . Recycled Matter . | . . . . . Retrieved Matter . | . . . . . Retrieved Components . | . . . . . Parts Scanalyzed . | . . . . . Part Schematics Acquired . | . . . . . Parts Damaged . | . . . . . Bothacking | -11 -10 -10 -10 -9 ------------ Run | Jun Mat Min Exi Min Used RIF Installer . | . . . . . Robots Hacked . | . . . . . Non-combat . | . . . . . Combat . | . . . . . Robot Hacks Applied . | . . . . . Relay Couplers Released . | . . . . . Fabnet Peak Effective % . | . . . . . Robots Rewired . | . . . . . Allies Hacked . | . . . . . Hacks Repelled . | . . . . . Allies | -11 -10 -10 -10 -9 -------- Run | Jun Mat Min Exi Min Total Allies . | . . . . . Largest Group . | . . . . . Highest-Rated Group . | . . . . . Highest-Rated Ally . | . . . . . Total Orders . | . . . . . Ally Attacks . | . . . . . Total Damage . | . . . . . Kills . | . . . . . Allies Corrupted . | . . . . . Allies Melted . | . . . . . Intel | -11 -10 -10 -10 -9 ------- Run | Jun Mat Min Exi Min Robot Analysis Total 1 | . 1 . . . Derelict Logs Recovered 1 | . . 1 . . Drone Launches . | . . . . . Drone Recoveries . | . . . . . Exploration | -11 -10 -10 -10 -9 ------------- Run | Jun Mat Min Exi Min Turns Passed 1256 | 79 661 223 239 54 Spaces Moved 964 | 51 445 214 246 8 Core 12 | 12 . . . . Treads . | . . . . . Legs . | . . . . . Wheels 952 | 39 445 214 246 8 Hover . | . . . . . Flight . | . . . . . Fastest Speed 50 | 50 80 95 95 95 Average Speed 96 | 84 99 95 95 95 Slowest Speed 110 | 100 110 95 95 95 Overloaded Moves . | . . . . . Propulsion Burnouts . | . . . . . Robots Hopped . | . . . . . Cave-ins Triggered . | . . . . . Exploration Rate (%) 40 | 3 79 48 64 6 Regions Visited 4 Branch Regions 3 Pre-discovered Areas 2 | . 2 . . . Known Exits Taken . | . . . . . Unknown Exits Taken 4 | 1 1 1 1 . Scrap Searched . | . . . . . Spaces Dug 8 | . 8 . . . Terrain Destroyed 85 | . 52 16 . 17 Melee . | . . . . . Projectile 2 | . 2 . . . AOE 83 | . 50 16 . 17 Terrain Rammed . | . . . . . Walls Destroyed . | . . . . . Machines Disabled . | . . . . . Actions | -11 -10 -10 -10 -9 --------- Run | Jun Mat Min Exi Min Total 1142 | 74 561 223 253 31 Wait 11 | . 11 . . . Move 960 | 50 444 213 245 8 Hop . | . . . . . Pick Up 23 | 9 13 . 1 . Fast Attach 9 | 5 3 . 1 . Attach 11 | 3 2 . . 6 Detach 5 | 1 1 . 3 . Swap 40 | 1 31 5 . 3 Drop 10 | . 7 . 3 . Fire 73 | 5 49 5 . 14 Melee . | . . . . . Ram . | . . . . . Kick . | . . . . . Crush . | . . . . . Escape Stasis . | . . . . . Rewire . | . . . . . Trap . | . . . . . Miscellaneous . | . . . . . Route ------- -11/Junkyard -10/Materials (discovered 4 exits: [*Mat x3] / [*Min]) -10/Mines (discovered 2 exits: [*Mat] / *Exi) -10/Exiles (discovered 2 exits: [*Min x2]) -9/Mines History --------- Turn | Location | Event 27 | -11/Junkyard | Discovered new exit (range 14) 80 | -11/Junkyard | Entered Materials 170 | -10/Materials | Discovered new exit (range 11) 300 | -10/Materials | Build established: Mutant 317 | -10/Materials | Discovered new exit (range 16) 501 | -10/Materials | Discovered new exit (range 4) 601 | -10/Materials | Discovered new exit (range 6) 741 | -10/Materials | Entered Mines 783 | -10/Mines | Deemed a non-threat by the Exiles lab entrance 783 | -10/Mines | Discovered new exit (range 5) 820 | -10/Mines | Discovered new exit (range 16) 964 | -10/Mines | Entered Exiles 977 | -10/Exiles | Discovered new exit (range 15) 988 | -10/Exiles | Met 8R-AWN 1002 | -10/Exiles | Met EX-HEX 1069 | -10/Exiles | Met EX-BIN 1079 | -10/Exiles | Aligned with FarCom system 1080 | -10/Exiles | Given EX-Vault access code 1102 | -10/Exiles | Opened EX-Vault 1110 | -10/Exiles | Found Field Lobotomy Kit 1132 | -10/Exiles | Warned to stay clear of 0b10 Research branches 1160 | -10/Exiles | Met EX-DEC 1195 | -10/Exiles | Discovered new exit (range 10) 1203 | -10/Exiles | Left Exiles lab with Field Lobotomy Kit 1203 | -10/Exiles | Entered Mines 1204 | -9/Mines | Assembled infested the area 1209 | -9/Mines | Assisted by a Guerilla fighting off Assembled 1226 | -9/Mines | Core integrity fell below 50% 1250 | -9/Mines | Core integrity fell below 20% 1257 | -9/Mines | Destroyed by as-96800 with Assembled Heavy Rifle Last Messages --------------- 01226_ HK-GAW(h) knocked back. 01226_ as-90914 destroyed. 01226_ as-88808 suffers critical hit (Burn). 01228_ HK-GAW(h) critical meltdown. 01230_ Heat Sink destroyed. 01230_ System corrupted by crushing effect (+5). 01236_ as-88808 destroyed. 01236_ Switching to secondary target: as-63233. 01239_ The unstable cave ceiling collapses. 01241_ as-55364 suffers critical hit (Destroy). 01241_ Destroyed Asb. Heavy Rifle. 01242_ Lgt. Treads destroyed. 01244_ as-13045 suffers critical hit (Burn). 01250_ Lgt. Treads destroyed. 01251_ Ion Engine destroyed. 01252_ Lgt. Assault Rifle destroyed. 01254_ as-13045 destroyed. 01254_ Switching to secondary target: as-13959. 01254_ Med. Laser destroyed. 01256_ HHVUTXGSVXQGC7CN,SK